 Dungeon Crawl Stone Soup version 0.21.0-3-g78d12a8 (webtiles) character file.

3521 Faca the Cleaver (level 10, -2/90 HPs)
             Began as a Hill Orc Gladiator on Jan 9, 2018.
             Was a Believer of Beogh.
             Slain by a two-headed ogre
             ... wielding a +0 giant club
              (25 damage)
             ... on level 8 of the Dungeon.
             The game lasted 00:15:50 (8321 turns).

Faca the Cleaver (Hill Orc Gladiator)               Turns: 8321, Time: 00:15:51

Health: -2/90      AC: 14    Str: 19    XL:     10   Next: 8%
Magic:  10/10      EV: 13    Int:  8    God:    Beogh [**....]
Gold:   404        SH:  9    Dex: 16    Spells: 9/9 levels left

rFire    + . .     SeeInvis .   a - +0 war axe
rCold    + . .     Gourm    .   y - +0 shield
rNeg     . . .     Faith    .   g - +0 scale mail
rPois    .         Spirit   .   c - +1 helmet
rElec    .         Reflect  .   m - scarf {rC+ rF+}
rCorr    .         Harm     .   B - +2 pair of gloves
MR       .....                  o - +0 pair of boots
Stlth    ..........             (no amulet)
HPRegen  0.25/turn              D - +2 ring of dexterity
MPRegen  0.12/turn              k - +2 ring of evasion

@: slowed, very slow
A: no striking features
a: Smiting, Renounce Religion


You were on level 8 of the Dungeon.
You worshipped Beogh.
Beogh was pleased with you.
You were not hungry.

You visited 1 branch of the dungeon, and saw 8 of its levels.

You collected 404 gold pieces.

Inventory:

Hand Weapons
 a - a +0 war axe (weapon)
 l - a +1 whip of electrocution
Missiles
 d - 5 throwing nets (quivered)
Armour
 c - a +1 helmet (worn)
 g - a +0 scale mail (worn)
 i - a +0 chain mail
 m - a scarf of resistance (worn)
 o - a +0 pair of boots (worn)
 y - a +0 shield (worn)
 B - a +2 pair of gloves (worn)
Jewellery
 k - a +2 ring of evasion (right hand)
 w - an uncursed ring of protection from fire
 D - a +2 ring of dexterity (left hand)
Wands
 q - a wand of disintegration (5)
 s - a wand of flame (48)
 C - a wand of iceblast (7)
Scrolls
 e - a scroll of teleportation
 j - 2 scrolls of blinking
 p - 2 scrolls of fog
 r - a scroll of magic mapping
 u - 2 scrolls of amnesia {unknown}
 x - a scroll of remove curse
 z - a scroll of enchant armour
Potions
 b - 2 potions of lignification
 h - 4 potions of haste
 n - 3 potions of flight
 t - 2 potions of mutation
 v - a potion of might
 A - a potion of agility
Comestibles
 f - 13 rations


   Skills:
 + Level 8.5 Fighting
 + Level 9.9 Axes
 - Level 1.9 Throwing
 + Level 7.3 Armour
 + Level 6.2 Dodging
 + Level 3.0 Shields


You had 9 spell levels left.
You didn't know any spells.

Dungeon Overview and Level Annotations

Branches:
Dungeon (8/15)             Temple (0/1) D:7
   Lair: D:8-11

Altars:
Dithmenos
Makhleb
Nemelex Xobeh
Zin

Shops:
D:7 :


Message History

The orc wizard mumbles some strange words.
The orc wizard blinks!
The hound misses you.
You slash the two-headed ogre!
The two-headed ogre is moderately wounded.
You hit the hound. The orc wizard casts a spell at you.
You feel yourself slow down. You block the hound's attack.
The two-headed ogre hits you with a giant club!!
The two-headed ogre hits you with a giant club!
* * * LOW HITPOINT WARNING * * *
You block the hound's attack.
You hit the two-headed ogre.
The two-headed ogre is moderately wounded.
You hit the orc wizard. You hit the hound.
You kill the hound!
Beogh accepts your kill.
The orc wizard mumbles some strange words.
The orc wizard blinks!
The two-headed ogre hits you with a giant club!!
You die...

#.# #. .##.# ..#.##.#
#...##.# ...##.# ..
...##.#########
#..###..##....)..[.#
#...oo§O##########.#
#. ###@.# #>#
#..#....# #.#
.##..#.#..# #.#
..........# #.#
####.#..############.#
#......†.............#
#.##.#.†##############
#.#.## # #.


You could see a two-headed ogre, an orc wizard and an orc.

Vanquished Creatures
  The ghost of Calypsia the Skirmisher, a novice HOFi (D:6)
  Pikel (D:5)
  Sigmund (D:5)
  Menkaure (D:6)
  2 slaves (D:4)
  An orc warrior (D:8)
  3 ice beasts
  A black bear (D:8)
  A sky beast (D:5)
  3 centaurs
  6 ogres
  2 bullfrogs (D:7)
  2 vampire bats (D:4)
  3 howler monkeys (D:8)
  A centaur zombie (D:6)
  4 hounds
  2 jellies
  2 orc priests (D:8)
  2 orc wizards
  A centaur skeleton (D:7)
  2 iguanas
  4 worker ants
  Robin (D:2)
  A howler monkey zombie (D:7)
  10 adders
  4 gnolls (D:6)
  A shadow imp (D:5)
  An ooze (D:1)
  An adder zombie (D:8)
  2 adder skeletons
  A dart slug (D:1)
  4 leopard geckos
  11 orcs
  2 ball pythons
  5 giant cockroaches
  17 goblins
  11 hobgoblins
  15 jackals
  5 quokkas
  14 bats
  4 frilled lizards
  7 kobolds
  A quokka skeleton (D:6)
  8 rats
  A bush (D:6)
173 creatures vanquished.

Vanquished Creatures (others)
  A howler monkey (D:5)
  An adder (D:4)
  An orc (D:4)
3 creatures vanquished.

Grand Total: 176 creatures vanquished

Notes
Turn   | Place    | Note
-------+----------+-------------------------------------------
     0 | D:1      | Faca the Hill Orc Gladiator began the quest for the Orb.
     0 | D:1      | Reached XP level 1. HP: 18/18 MP: 1/1
   227 | D:1      | Reached XP level 2. HP: 23/25 MP: 2/2
   629 | D:1      | Reached XP level 3. HP: 29/30 MP: 3/3
  1271 | D:2      | Reached skill level 1 in Armour
  1348 | D:2      | Noticed Robin
  1348 | D:2      | You fall through a shaft!
  1640 | D:2      | Reached XP level 4. HP: 33/38 MP: 4/4
  1654 | D:2      | Reached skill level 5 in Axes
  2120 | D:2      | Reached XP level 5. HP: 41/45 MP: 5/5
  2158 | D:2      | Killed Robin
  3145 | D:4      | Found the +4 Vampire's Tooth {vamp}
  3166 | D:4      | Reached XP level 6. HP: 43/52 MP: 6/6
  3231 | D:4      | Became a worshipper of Beogh the Brigand
  3299 | D:4      | Reached skill level 6 in Axes
  3846 | D:4      | Reached XP level 7. HP: 49/60 MP: 7/7
  4004 | D:5      | Entered Level 5 of the Dungeon
  4009 | D:5      | Noticed Pikel
  4269 | D:5      | Killed Pikel
  4269 | D:5      | Reached skill level 5 in Fighting
  4269 | D:5      | Reached skill level 7 in Axes
  4269 | D:5      | Reached XP level 8. HP: 10/70 MP: 8/8
  4684 | D:5      | Reached skill level 5 in Armour
  4830 | D:5      | Noticed Sigmund
  4844 | D:5      | Killed Sigmund
  4844 | D:5      | Reached skill level 8 in Axes
  4864 | D:5      | Reached * piety under Beogh
  5125 | D:6      | Reached skill level 5 in Dodging
  5188 | D:6      | Found a glowing silver altar of Zin.
  5433 | D:6      | Noticed Menkaure
  5445 | D:6      | Killed Menkaure
  5445 | D:6      | Reached XP level 9. HP: 20/79 MP: 9/9
  6193 | D:6      | Noticed Calypsia's ghost (novice HOFi)
  6218 | D:6      | Killed Calypsia's ghost
  6218 | D:6      | Reached skill level 9 in Axes
  6569 | D:6      | Found a sparkling altar of Nemelex Xobeh.
  6967 | D:7      | Found Pitso's Book Emporium.
  6972 | D:7      | Reached skill level 1 in Shields
  7038 | D:7      | Found a shadowy altar of Dithmenos.
  7072 | D:7      | Found a staircase to the Ecumenical Temple.
  7580 | D:7      | Found a burning altar of Makhleb.
  7680 | D:7      | Reached ** piety under Beogh
  8293 | D:8      | Reached XP level 10. HP: 89/89 MP: 10/10
  8313 | D:8      | Noticed a two-headed ogre
  8321 | D:8      | Slain by a two-headed ogre

Skill      XL: |  1  2  3  4  5  6  7  8  9 10 |
---------------+-------------------------------+-----
Armour         | 1 2 3 4 5 7 |  7.3
Fighting       | 3 4 5 7 8 |  8.5
Axes           | 5 6 7 8 9 |  9.9
Dodging        | 3 4 5 6 |  6.2
Shields        | 2 3 |  3.0
Throwing       | |  1.9

Action                   |  1- 3 |  4- 6 |  7- 9 | 10-12 || total
-------------------------+-------+-------+-------+-------++-------
Melee: War axe           |   120 |   216 |   368 |    22 ||   726
Invok: Convert to Beogh  |       |     1 |       |       ||     1
  Use: Scroll            |     6 |     3 |     5 |       ||    14
       Potion            |       |       |     7 |       ||     7
 Stab: Sleeping          |       |     2 |       |       ||     2
  Eat: Ration            |     1 |     1 |     4 |       ||     6
       Chunk             |       |     3 |     1 |       ||     4
Armor: Leather armour    |    21 |    47 |       |       ||    68
       Scale mail        |       |    71 |   139 |     8 ||   218
       Skin              |       |       |    13 |       ||    13
Dodge: Dodged            |   112 |   181 |   167 |    12 ||   472
Block: Shield            |       |     4 |   129 |    14 ||   147
